 Dungeon Crawl Stone Soup version 0.21.1-1-g345015f (webtiles) character file.

179 sking99 the Ducker (level 5, -4/37 HPs)
             Began as an Octopode Fighter on June 22, 2018.
             Was an Initiate of Ru.
             Slain by an ogre
             ... wielding a cursed +0 giant spiked club
              (16 damage)
             ... on level 3 of the Dungeon.
             The game lasted 00:08:17 (2532 turns).

sking99 the Ducker (Octopode Fighter)               Turns: 2532, Time: 00:08:18

Health: -4/37      AC:  1    Str: 16    XL:     5   Next: 59%
Magic:  5/5        EV: 12    Int: 10    God:    Ru [......]
Gold:   148        SH:  9    Dex: 12    Spells: 4/4 levels left

rFire    . . .     SeeInvis .   a - +0 flail
rCold    . . .     Gourm    .   b - +0 shield
rNeg     . . .     Faith    .   (helmet restricted)
rPois    .         Spirit   .   (no amulet)
rElec    .         Reflect  .   (no ring)
rCorr    .         Harm     .   (no ring)
MR       .....                  (no ring)
Stlth    ++........             (no ring)
HPRegen  0.12/turn              (no ring)
MPRegen  0.09/turn              (no ring)
                                (no ring)
                                (no ring)

@: no status effects
A: almost no armour, stealthy swim, amphibious, 8 rings, constrict 8, camouflage
1, gelatinous body 1
a: Renounce Religion


You were on level 3 of the Dungeon.
You worshipped Ru.
Ru was noncommittal.
You were not hungry.

You visited 1 branch of the dungeon, and saw 3 of its levels.

You collected 148 gold pieces.

Inventory:

Hand Weapons
 a - a +0 flail (weapon)
 h - a cursed -2 mace
Armour
 b - a +0 shield (worn)
Jewellery
 m - an uncursed ring of protection from magic {unknown}
 p - an uncursed ring of protection from magic {unknown}
Scrolls
 e - 6 scrolls of teleportation {unknown}
 i - a scroll of remove curse {unknown}
 l - 5 scrolls of identify {unknown}
 n - a scroll of enchant weapon {unknown}
 o - a scroll of enchant armour {unknown}
 t - 2 scrolls of magic mapping {unknown}
Potions
 c - a potion of might
 g - 4 potions of brilliance {unknown}
 j - a potion of flight {unknown}
 k - 2 potions of curing {unknown}
 q - a potion of berserk rage {unknown}
 r - a potion of heal wounds {unknown}
 s - a potion of degeneration {unknown}
Comestibles
 d - 6 rations
 f - 9 chunks of flesh


   Skills:
 + Level 3.7 Fighting
 * Level 3.8 Maces & Flails
 + Level 3.8 Dodging
 + Level 3.8 Shields


You had 4 spell levels left.
You didn't know any spells.

Dungeon Overview and Level Annotations

Branches:
Dungeon (3/15)

Altars:
Ashenzari
Fedhas
Ru
Trog
Vehumet
Zin
The Shining One

Annotations:
D:2 Sigmund


Innate Abilities, Weirdness & Mutations

You cannot wear most types of armour.
You are very stealthy in the water. (Stealth+)
You are amphibious.
You can wear up to eight rings at the same time.
You can use your tentacles to constrict eight enemies at once.
Your skin changes colour to match your surroundings (Stealth+).
Your rubbery body absorbs attacks. (AC +1, EV +1)


Message History

The bat hits you but does no damage. The bat closely misses you.
You block the bat's attack. The bat closely misses you.
There is an escape hatch in the ceiling here.
The bat hits you but does no damage.
You closely miss the bat. Your grab misses the bat.
You kill the bat!
The ogre barely misses you.
You hit the ogre.
The ogre is lightly wounded.
You block the ogre's attack.
You hit the ogre. You squeeze the ogre!
The ogre is severely wounded.
You sock the ogre!
The ogre is almost dead.
The ogre hits you with a giant spiked club!!
Ouch! That really hurt!
The ogre hits you with a giant spiked club!
You die...

###############.# #### # #.# #...
###### #.# #... .....#
#####.######.# #...
####.######..........#.#######...
............................>+...
####.#####......<###.#<###.#.#...
# #.#####.÷###)####.#.###.#.#...
# #..........#.@................
####.)........#.O....#.....#.#...
...#..........#.#.<†#........####
##.#.........##.'...'............
#.........####.#...#..##########
################...#..###... .[.
................# ###
#######.##..##...# # #.##.##..#
..# #


You could see an ogre.

Vanquished Creatures
  A howler monkey (D:3)
  A gnoll (D:2)
  4 adders
  An ooze (D:2)
  A worm (D:2)
  2 dart slugs
  A leopard gecko (D:3)
  8 orcs
  4 giant cockroaches
  9 goblins
  11 hobgoblins
  5 jackals (D:2)
  11 kobolds
  7 bats
  5 frilled lizards
  5 rats
76 creatures vanquished.

Notes
Turn   | Place    | Note
-------+----------+-------------------------------------------
     0 | D:1      | sking99 the Octopode Fighter began the quest for the Orb.
     0 | D:1      | Reached XP level 1. HP: 16/16 MP: 1/1
    77 | D:1      | Reached XP level 2. HP: 20/21 MP: 2/2
   517 | D:2      | Reached XP level 3. HP: 17/26 MP: 3/3
   521 | D:2      | Noticed Sigmund
   816 | D:2      | Found a bloodstained altar of Trog.
  1089 | D:2      | Reached XP level 4. HP: 31/31 MP: 4/4
  1097 | D:2      | Found a sacrificial altar of Ru.
  1108 | D:2      | Found a shattered altar of Ashenzari.
  1108 | D:2      | Found a glowing golden altar of the Shining One.
  1110 | D:2      | Found a glowing silver altar of Zin.
  1112 | D:2      | Found a radiant altar of Vehumet.
  1113 | D:2      | Found a blossoming altar of Fedhas.
  1128 | D:2      | Became a worshipper of Ru the Awakened
  2279 | D:3      | Reached XP level 5. HP: 31/36 MP: 5/5
  2513 | D:3      | Noticed an ogre
  2532 | D:3      | Slain by an ogre

Skill      XL: |  1  2  3 |
---------------+----------+-----
Maces & Flails | 3 |  3.8
Fighting       | |  3.7
Dodging        | |  3.8
Shields        | |  3.8

Action                   |  1- 3 |  4- 6 || total
-------------------------+-------+-------++-------
Melee: Flail             |    69 |    70 ||   139
       Constrict         |    18 |    22 ||    40
       Tentacles         |     9 |    15 ||    24
 Stab: Sleeping          |     2 |     2 ||     4
       Distracted        |       |     1 ||     1
  Eat: Chunk             |     1 |     4 ||     5
Armor: Skin              |     3 |     6 ||     9
Dodge: Dodged            |    37 |    47 ||    84
Block: Shield            |    43 |    33 ||    76
